AAA WEST
SALT LAKE BEES @ SUGAR LAND SKEETERS
09/05/2041
 
TOP OF THE 1ST
Salt Lake Bees batting - Pitching for Sugar Land Skeeters : RHP Art Anderson
Pitching: RHP Art Anderson
Batting: LHB Raúl Vásquez 0-0: Called Strike
0-1: Ball
1-1: Foul Ball, location: 3SF
1-2: Foul Ball, location: 2F
1-2: Strikes out looking
Batting: RHB Chris Nichols 0-0: Called Strike
0-1: Ball
1-1: SINGLE (Groundball, 34D, EV 96.9 MPH)
Batting: LHB Dan Powers 0-0: Foul Ball, location: 7LDF
0-1: Ball
1-1: Fly out, F4 (Popup, 4S, EV 81.9 MPH)
Batting: RHB António Martínez 0-0: Ball
Pickoff Throw to First - Out! 1-3
Top of the 1st over - 0 runs, 1 hit, 0 errors, 0 left on base; Salt Lake 0 - Sugar Land 0
BOTTOM OF THE 1ST
Sugar Land Skeeters batting - Pitching for Salt Lake Bees : RHP Víctor Aguilar
Pitching: RHP Víctor Aguilar
Batting: RHB Héctor López 0-0: Called Strike
0-1: Foul Ball, location: 9LDF
0-2: Fly out, F8 (Flyball, 78D, EV 95.0 MPH)
Batting: LHB Tony Cardoza 0-0: Called Strike
0-1: Ball
1-1: Swinging Strike
1-2: SOLO HOME RUN (Flyball, 7D, EV 94.4 MPH), Distance : 357 ft
Batting: SHB Brendan Jeffries 0-0: Called Strike
0-1: Ball
1-1: Ball
2-1: Ball
3-1: Base on Balls
Batting: LHB Jeremy Edwards 0-0: Swinging Strike
0-1: Ball
1-1: Ball
2-1: Ball
3-1: Called Strike
3-2: Strikes out swinging
Batting: SHB Tomás Martínez 0-0: 2-RUN HOME RUN (Line Drive, 9D, EV 96.9 MPH), Distance : 361 ft
Batting: LHB Jorge Garza 0-0: Ball
1-0: Called Strike
1-1: Ball
2-1: Foul Ball, location: 7LDF
2-2: DOUBLE (Line Drive, 5D, EV 108.8 MPH)
Pitching: RHP Bob Snow
Batting: RHB Sergio Verez 0-0: Ball
1-0: Ball
2-0: Called Strike
2-1: Hit by Pitch
Batting: RHB Baden Jiang 0-0: Hit by Pitch
Jorge Garza to third
Sergio Verez to second
Batting: RHB Renato Clemente 0-0: Foul Ball, location: 2F
0-1: Fly out, F8 (Flyball, 78M, EV 81.9 MPH)
Bottom of the 1st over - 3 runs, 3 hits, 0 errors, 3 left on base; Salt Lake 0 - Sugar Land 3
TOP OF THE 2ND
Salt Lake Bees batting - Pitching for Sugar Land Skeeters : RHP Art Anderson
Batting: RHB António Martínez 0-0: Ball
1-0: Foul Ball, location: 9LSF
1-1: Swinging Strike
1-2: Foul Ball, location: 5SF
1-2: Strikes out looking
Batting: LHB Chris Smith 0-0: Ball
1-0: Called Strike
1-1: Ball
2-1: Ball
3-1: Swinging Strike
3-2: Foul Ball, location: 3DF
3-2: Foul Ball, location: 2F
3-2: Foul Ball, location: 2F
3-2: Strikes out swinging
Pitching: RHP Jesús Durán
Batting: RHB Danny Dodds 0-0: Called Strike
0-1: SOLO HOME RUN (Flyball, 7LD, EV 92.5 MPH), Distance : 328 ft
Batting: LHB Ed Rivera 0-0: SOLO HOME RUN (Flyball, 89XD, EV 101.3 MPH), Distance : 395 ft
Batting: RHB José Padilla 0-0: Swinging Strike
0-1: Fly out, F7 (Line Drive, 7S, EV 96.3 MPH)
Top of the 2nd over - 2 runs, 2 hits, 0 errors, 0 left on base; Salt Lake 2 - Sugar Land 3
BOTTOM OF THE 2ND
Sugar Land Skeeters batting - Pitching for Salt Lake Bees : RHP Bob Snow
Batting: RHB Héctor López 0-0: Ball
1-0: Ball
2-0: Called Strike
2-1: Called Strike
2-2: Foul Ball, location: 3F
2-2: Foul Ball, location: 2F
2-2: Ground out 5-3 (Groundball, 56, EV 88.8 MPH)
Batting: LHB Tony Cardoza 0-0: DOUBLE (Groundball, 3L, EV 94.4 MPH)
Batting: SHB Brendan Jeffries 0-0: Fly out, F9 (Flyball, 9S, EV 75.6 MPH)
Batting: LHB Jeremy Edwards 0-0: Ball
1-0: Foul Ball, location: 2F
1-1: Fly out, F6 (Popup, 6S, EV 71.3 MPH)
Bottom of the 2nd over - 0 runs, 1 hit, 0 errors, 1 left on base; Salt Lake 2 - Sugar Land 3
TOP OF THE 3RD
Salt Lake Bees batting - Pitching for Sugar Land Skeeters : RHP Jesús Durán
Batting: LHB Randy O'Day 0-0: Ball
1-0: DOUBLE (Groundball, 5L, EV 94.4 MPH)
Batting: LHB Raúl Vásquez 0-0: Ball
1-0: Ball
2-0: Ball
3-0: Called Strike
3-1: Called Strike
3-2: Fly out, F9 (Line Drive, 9S, EV 97.5 MPH)
Batting: RHB Chris Nichols 0-0: SINGLE (Line Drive, 78S, EV 108.8 MPH)
Randy O'Day to third
Runner from 3rd tries for Home, throw by CF and OUT! 8-2
Batting: LHB Dan Powers 0-0: Ball
1-0: Ball
2-0: Called Strike
2-1: Foul Ball, location: 7LDF
2-2: Foul Ball, location: 2F
2-2: Foul Ball, location: 5F
2-2: Fly out, F4 (Line Drive, 4, EV 66.3 MPH)
Top of the 3rd over - 0 runs, 2 hits, 0 errors, 1 left on base; Salt Lake 2 - Sugar Land 3
BOTTOM OF THE 3RD
Sugar Land Skeeters batting - Pitching for Salt Lake Bees : RHP Bob Snow
Batting: SHB Tomás Martínez 0-0: Called Strike
0-1: SINGLE (Groundball, 3D, EV 110.6 MPH)
Batting: LHB Jorge Garza 0-0: Called Strike
0-1: Foul Ball, location: 2F
0-2: Ball
1-2: Foul Ball, location: 3FF
1-2: Ball
2-2: Foul Ball, location: 2F
2-2: Foul Ball, location: 2F
2-2: Ball
3-2: Base on Balls
Tomás Martínez to second
Batting: RHB Sergio Verez 0-0: Sac Bunt to 15S - play at first, batter OUT! 1-3
Tomás Martínez to third
Jorge Garza to second
Batting: RHB Baden Jiang 0-0: Ball
1-0: Called Strike
1-1: Swinging Strike
1-2: Ball
2-2: Foul Ball, location: 23FF
2-2: Ball
3-2: Strikes out looking
Batting: RHB Renato Clemente 0-0: Foul Ball, location: 9LMF
0-1: Foul Ball, location: 3SF
0-2: Ball
1-2: Foul Ball, location: 9LSF
1-2: Fly out, F9 (Flyball, 9S, EV 86.9 MPH)
Bottom of the 3rd over - 0 runs, 1 hit, 0 errors, 2 left on base; Salt Lake 2 - Sugar Land 3
TOP OF THE 4TH
Salt Lake Bees batting - Pitching for Sugar Land Skeeters : RHP Jesús Durán
Batting: RHB António Martínez 0-0: Ball
1-0: Ball
2-0: Ball
3-0: Called Strike
3-1: Called Strike
3-2: Foul Ball, location: 5F
3-2: Base on Balls
Batting: LHB Chris Smith 0-0: Ball
1-0: Foul Ball, location: 2F
1-1: Foul Ball, location: 7LDF
1-2: Ball
2-2: Fly out, F8 (Flyball, 8LD, EV 104.4 MPH)
Batting: RHB Danny Dodds 0-0: Foul Ball, location: 9LDF
0-1: Foul Ball, location: 5FF
0-2: Foul Ball, location: 2F
0-2: Foul Ball, location: 9LDF
0-2: Fly out, F8 (Flyball, 89M, EV 95.6 MPH)
Batting: LHB Ed Rivera 0-0: Ball
1-0: Ball
2-0: Ball
3-0: Called Strike
3-1: Foul Ball, location: 5DF
3-2: Strikes out swinging
Top of the 4th over - 0 runs, 0 hits, 0 errors, 1 left on base; Salt Lake 2 - Sugar Land 3
BOTTOM OF THE 4TH
Sugar Land Skeeters batting - Pitching for Salt Lake Bees : RHP Bob Snow
Batting: RHB Héctor López 0-0: Ball
1-0: Foul Ball, location: 2F
1-1: Ground out 5-3 (Groundball, 56, EV 85.6 MPH)
Batting: LHB Tony Cardoza 0-0: Ball
1-0: Foul Ball, location: 2F
1-1: Ball
2-1: Called Strike
2-2: Ball
3-2: Strikes out swinging
Batting: SHB Brendan Jeffries 0-0: Called Strike
0-1: Foul Ball, location: 23F
0-2: Foul Ball, location: 2F
0-2: Ball
1-2: Foul Ball, location: 23FF
1-2: Ball
2-2: Fly out, F1 (Popup, 15, EV 83.8 MPH)
Bottom of the 4th over - 0 runs, 0 hits, 0 errors, 0 left on base; Salt Lake 2 - Sugar Land 3
TOP OF THE 5TH
Salt Lake Bees batting - Pitching for Sugar Land Skeeters : RHP Jesús Durán
Batting: RHB José Padilla 0-0: Called Strike
0-1: Called Strike
0-2: SINGLE (Groundball, 4MD, EV 96.3 MPH)
Batting: LHB Randy O'Day 0-0: Ball
1-0: Sac Bunt to 2L - play at first, batter OUT! 2-4
José Padilla to second
Batting: LHB Raúl Vásquez 0-0: Called Strike
0-1: Foul Ball, location: 2F
0-2: Strikes out swinging, 2-3 out at first.
Batting: RHB Chris Nichols 0-0: Foul Ball, location: 7LMFF
0-1: Foul Ball, location: 2F
0-2: Ball
1-2: Foul Ball, location: 5DF
1-2: Strikes out swinging
Top of the 5th over - 0 runs, 1 hit, 0 errors, 1 left on base; Salt Lake 2 - Sugar Land 3
BOTTOM OF THE 5TH
Sugar Land Skeeters batting - Pitching for Salt Lake Bees : RHP Bob Snow
Batting: LHB Jeremy Edwards 0-0: Ball
1-0: Ball
2-0: Ball
3-0: Fly out, F6 (Popup, P, EV 83.1 MPH)
Batting: SHB Tomás Martínez 0-0: Ball
1-0: SOLO HOME RUN (Flyball, 9D, EV 95.6 MPH), Distance : 358 ft
Batting: LHB Jorge Garza 0-0: Called Strike
0-1: Fly out, F4 (Popup, 4D, EV 69.4 MPH)
Batting: RHB Sergio Verez 0-0: Fly out, F7 (Flyball, 7D, EV 95.0 MPH)
Bottom of the 5th over - 1 run, 1 hit, 0 errors, 0 left on base; Salt Lake 2 - Sugar Land 4
TOP OF THE 6TH
Salt Lake Bees batting - Pitching for Sugar Land Skeeters : RHP Jesús Durán
Batting: LHB Dan Powers 0-0: Called Strike
0-1: Ball
1-1: Ball
2-1: Foul Ball, location: 7LDF
2-2: Strikes out looking
Batting: RHB António Martínez 0-0: Ground out 5-3 (Groundball, 56S, EV 87.5 MPH)
Batting: LHB Chris Smith 0-0: Ball
1-0: Foul Ball, location: 5SF
1-1: Called Strike
1-2: Ball
2-2: Ball
3-2: Ground out 5-3 (Groundball, 5, EV 85.0 MPH)
Top of the 6th over - 0 runs, 0 hits, 0 errors, 0 left on base; Salt Lake 2 - Sugar Land 4
BOTTOM OF THE 6TH
Sugar Land Skeeters batting - Pitching for Salt Lake Bees : RHP Bob Snow
Batting: RHB Baden Jiang 0-0: Ball
1-0: Foul Ball, location: 2LF
1-1: Ball
2-1: Swinging Strike
2-2: Fly out, F7 (Flyball, 7LS, EV 86.3 MPH)
Batting: RHB Renato Clemente 0-0: Ground out 1-3 (Groundball, 13S, EV 68.1 MPH)
Batting: RHB Héctor López 0-0: Ball
1-0: Ground out 6-3 (Groundball, 6, EV 93.1 MPH)
Bottom of the 6th over - 0 runs, 0 hits, 0 errors, 0 left on base; Salt Lake 2 - Sugar Land 4
TOP OF THE 7TH
Salt Lake Bees batting - Pitching for Sugar Land Skeeters : RHP Jesús Durán
Pitching: RHP Lou Patterson
Batting: RHB Danny Dodds 0-0: Ball
1-0: Foul Ball, location: 2F
1-1: Fly out, F9 (Line Drive, 9LS, EV 91.9 MPH)
Pitching: LHP Jesús Pérez
Pinch Hitting: RHB Jorge Domínguez 0-0: Foul Ball, location: 9LSF
0-1: Ball
1-1: Called Strike
1-2: Ball
2-2: Foul Ball, location: 2F
2-2: Strikes out swinging
Batting: RHB José Padilla 0-0: Called Strike
0-1: Ball
1-1: Called Strike
1-2: Ball
2-2: Ball
3-2: Ground out 6-3 (Groundball, 6, EV 86.3 MPH)
Top of the 7th over - 0 runs, 0 hits, 0 errors, 0 left on base; Salt Lake 2 - Sugar Land 4
BOTTOM OF THE 7TH
Sugar Land Skeeters batting - Pitching for Salt Lake Bees : RHP Bob Snow
Now in RF: Max Sowerby
Batting: LHB Tony Cardoza 0-0: Foul Ball, location: 9LSF
0-1: Called Strike
0-2: Foul Ball, location: 2LF
0-2: SOLO HOME RUN (Flyball, 9D, EV 93.1 MPH), Distance : 346 ft
Batting: SHB Brendan Jeffries 0-0: Ball
1-0: Foul Ball, location: 5DF
1-1: SINGLE (Groundball, 6MD, EV 103.1 MPH)
Batting: LHB Jeremy Edwards 0-0: Ball
1-0: Called Strike
1-1: Swinging Strike
1-2: Ball
2-2: 2-RUN HOME RUN (Flyball, 78XD, EV 113.1 MPH), Distance : 428 ft
Batting: SHB Tomás Martínez 0-0: Ground out 3-1 (Groundball, 34, EV 88.1 MPH)
Batting: LHB Jorge Garza 0-0: Called Strike
0-1: Ball
1-1: Ball
2-1: Ball
3-1: Base on Balls
Batting: RHB Sergio Verez 0-0: Ball
1-0: Ball
2-0: Called Strike
2-1: Ball
3-1: Fielders Choice at 2nd, 1-4 (Groundball, 15S, EV 71.9 MPH)
Batting: RHB Baden Jiang 0-0: Foul Ball, location: 3FF
0-1: Swinging Strike
0-2: Fly out, F3 (Popup, 34S, EV 88.1 MPH)
Bottom of the 7th over - 3 runs, 3 hits, 0 errors, 1 left on base; Salt Lake 2 - Sugar Land 7
TOP OF THE 8TH
Salt Lake Bees batting - Pitching for Sugar Land Skeeters : LHP Jesús Pérez
Batting: LHB Randy O'Day 0-0: Ball
1-0: Ball
2-0: Foul Ball, location: 2F
2-1: Fly out, F9 (Flyball, 89M, EV 96.9 MPH)
Batting: LHB Raúl Vásquez 0-0: Ball
1-0: Ball
2-0: Ball
3-0: Called Strike
3-1: Base on Balls
Batting: RHB Chris Nichols 0-0: SINGLE (Line Drive, 6MD, EV 104.4 MPH)
Raúl Vásquez to second
Pinch Hitting: RHB Phil Howard 0-0: Ball
1-0: Fly out, F5 (Popup, 5S, EV 74.4 MPH)
Batting: RHB António Martínez 0-0: DOUBLE (Flyball, 89XD, EV 100.6 MPH)
Raúl Vásquez scores
Chris Nichols to third
Runner from 3rd tries for Home, SAFE, throw by RF to trailing runner, OUT at third! 9-3-5
Top of the 8th over - 2 runs, 2 hits, 0 errors, 0 left on base; Salt Lake 4 - Sugar Land 7
BOTTOM OF THE 8TH
Sugar Land Skeeters batting - Pitching for Salt Lake Bees : RHP Bob Snow
Now in LF: Joe Taylor
Batting: RHB Renato Clemente 0-0: Ground out 4-3 (Groundball, 4, EV 91.3 MPH)
Pitching: RHP Ken Davenport
Batting: RHB Héctor López 0-0: Ball
1-0: Called Strike
1-1: Foul Ball, location: 2F
1-2: Foul Ball, location: 9LDF
1-2: Fly out, F8 (Flyball, 8LD, EV 100.6 MPH)
Batting: LHB Tony Cardoza 0-0: Ball
1-0: SINGLE (Flyball, 6D, EV 88.1 MPH)
Batting: SHB Brendan Jeffries 0-0: Ball
1-0: Foul Ball, location: 25FF
1-1: DOUBLE (Line Drive, 89D, EV 106.9 MPH)
Tony Cardoza to third
Batting: LHB Jeremy Edwards 0-0: Called Strike
0-1: Ball
1-1: Ball
2-1: Fly out, F7 (Flyball, 7D, EV 97.5 MPH)
Bottom of the 8th over - 0 runs, 2 hits, 0 errors, 2 left on base; Salt Lake 4 - Sugar Land 7
TOP OF THE 9TH
Salt Lake Bees batting - Pitching for Sugar Land Skeeters : LHP Jesús Pérez
Pitching: RHP Bob Neely
Now at 1B: Américo Tacanho
Now in LF: Kevin Yarbrough
Batting: LHB Chris Smith 0-0: Fly out, F4 (Popup, 4MD, EV 65.0 MPH)
Batting: RHB Danny Dodds 0-0: Called Strike
0-1: Foul Ball, location: 5F
0-2: Ball
1-2: Foul Ball, location: 2F
1-2: Foul Ball, location: 9LMF
1-2: Strikes out looking
Batting: RHB Max Sowerby 0-0: Ball
1-0: DOUBLE (Flyball, 89D, EV 90.0 MPH)
Batting: RHB José Padilla 0-0: Foul Ball, location: 2F
0-1: Foul Ball, location: 7LMFF
0-2: Strikes out looking
Top of the 9th over - 0 runs, 1 hit, 0 errors, 1 left on base; Salt Lake 4 - Sugar Land 7
Monday, April 1st , 2024 - OOTP Baseball 24.10 Build 82